AoeStats
← Mr. Snrub

Black Forest

507601542Analyzed
3v3 RM · 14d ago on Sep 19, 2026· 36m 12s· 6 players
Game mode
Random Map
Map size
Normal (6 player)
Population
200
Speed
Normal
Resources
Standard
Victory
Conquest
Starting age
Dark Age
Ending age
Imperial Age
RankedLock teamsTeams togetherTeam positionsShared explorationLock speedFull tech treeHidden civsTurbo modeCheats
Victory
Defeat
🇨🇦 Bohemians · Canada
1161
+12
🇨🇦 Turks · Canada
1160
+13
🇨🇦 Franks · Canada
1159
+13
🇦🇺 Tatars · Australia
1098
-14
🇦🇺 Byzantines · Australia
1077
-12
🇨🇦 Teutons · Canada
1075
-12
Epileptic Pilot
0:38 Loom
14:00 Feudal Age
19:41 Castle Age
17:36 Double-Bit Axe
17:39 Horse Collar
22:06 Bow Saw
21:58 Heavy Plow
28:47 Fletching
28:58 Padded Archer Armor
30:54 Bloodlines
30:44 Husbandry
31:26 Ballistics
31:07 Gold Mining
31:21 Stone Mining
32:56 Wheelbarrow
34:30 Bodkin Arrow
34:48 Forging
34:43 Scale Barding Armor
Alt22
3:59 Loom
12:04 Feudal Age
12:53 Double-Bit Axe
17:11 Castle Age
17:26 Horse Collar
17:45 Gold Mining
20:04 Wheelbarrow
19:15 Town Watch
23:50 Heavy Plow
24:19 Bloodlines
27:23 Scale Barding Armor
27:30 Forging
33:41 Iron Casting
33:06 Scale Mail Armor
33:27 Chain Barding Armor
33:12 Scale Mail Armor
33:52 Iron Casting
Thauler
1:33 Loom
13:14 Feudal Age
14:02 Double-Bit Axe
16:33 Horse Collar
19:19 Castle Age
19:10 Wheelbarrow
20:28 Bow Saw
24:46 Heavy Plow
25:34 Stone Mining
26:47 Padded Archer Armor
26:51 Elite Skirmisher
30:25 Leather Archer Armor
30:00 Fletching
31:21 Pikeman
Dradis
0:32 Loom
14:22 Feudal Age
19:13 Castle Age
23:14 Imperial Age
21:04 Double-Bit Axe
21:05 Horse Collar
25:55 Padded Archer Armor
Mr. Snrub
0:26 Loom
14:21 Feudal Age
19:39 Castle Age
20:39 Double-Bit Axe
22:15 Wheelbarrow
26:48 Husbandry
26:56 Scale Barding Armor
28:26 Pikeman
30:53 Squires
33:06 Chain Barding Armor
32:56 Forging
34:46 Scale Mail Armor
The Toope
0:26 Loom
11:43 Feudal Age
17:50 Castle Age
16:18 Double-Bit Axe
16:17 Horse Collar
19:12 Bow Saw
25:15 Wheelbarrow
24:51 Heavy Plow
29:46 Imperial Age
28:52 Chemistry
28:46 Caravan
29:27 Padded Archer Armor
29:57 Hand Cart
30:51 Leather Archer Armor
32:01 Two-Man Saw
30:32 Elite Skirmisher
32:04 Squires
32:38 Ring Archer Armor
31:52 Pikeman
33:11 Ballistics
32:56 Scale Mail Armor
33:59 Forging
34:11 Halberdier
35:47 Siege Engineers
36:20 Chain Mail Armor
37:19 Iron Casting
Connection lost

Rejoining the realm…

Still unreachable

The connection could not be restored.

Session expired

The server has moved on; the page needs a fresh start.